 Dungeon Crawl Stone Soup version 0.31-a0-1093-gadecf4124d (webtiles) character file.

Game seed: 1684514760248085560

77 Azuregosa the Shooter (level 4, 0/29 HPs)
             Began as an Octopode Hunter on Nov 29, 2023.
             Was a Believer of Elyvilon.
             Slain by an orc
             ... wielding a +0 mace
              (2 damage)
             ... on level 3 of the Dungeon.
             The game lasted 00:06:47 (1542 turns).

Azuregosa the Shooter (Octopode Hunter)             Turns: 1542, Time: 00:06:48

Health: 0/29       AC:  1    Str: 10    XL:     4   Next: 33%
Magic:  4/4        EV: 13    Int: 11    God:    Elyvilon [**....]
Gold:   52         SH:  0    Dex: 17    Spells: 3/3 levels left

rFire   . . .        a - +0 shortbow
rCold   . . .        (shield currently unavailable)
rNeg    . . .        (helmet restricted)
rPois   .            q - amulet of the acrobat
rElec   .            (no ring)
rCorr   .            (no ring)
SInv    .            (no ring)
Will    .....        (no ring)
Stlth   +++          (no ring)
HPRegen 0.24/turn    (no ring)
MPRegen 0.09/turn    (no ring)
                     (no ring)

%: acrobat
@: no status effects
A: almost no armour, amphibious, 8 rings, camouflage 1, gelatinous body 1,
(nimble swimmer 1), tentacles
a: Renounce Religion, Purification, Heal Other


You were on level 3 of the Dungeon.
You worshipped Elyvilon.
Elyvilon was pleased with you.
You visited 1 branch of the dungeon, and saw 3 of its levels.

You collected 52 gold pieces.

Inventory:

Hand Weapons
 a - a +0 shortbow (weapon)
 o - a +2 whip of freezing
Missiles
 d - a throwing net
 e - 2 boomerangs
 l - 21 stones
 r - 3 javelins
Jewellery
 q - an amulet of the acrobat (around mantle)
Scrolls
 b - a scroll of butterflies
 i - a scroll of summoning {unknown}
 j - 3 scrolls of identify {unknown}
 k - a scroll of noise {unknown}
 m - 2 scrolls of immolation {unknown}
 n - a scroll of vulnerability {unknown}
 p - a scroll of teleportation {unknown}
Potions
 c - 2 potions of brilliance {unknown}
 f - a potion of curing {unknown}
 g - a potion of lignification {unknown}
 h - 2 potions of mutation {unknown}


   Skills:
 - Level 2.0 Fighting
 + Level 5.7 Ranged Weapons
 - Level 2.0 Dodging
 - Level 1.3 Stealth


You had 3 spell levels left.
You didn't know any spells.
Your spell library was empty.

Dungeon Overview and Level Annotations

Branches:
Dungeon (3/15)

Altars:
Elyvilon

Shops:
D:3 (


Innate Abilities, Weirdness & Mutations

You cannot wear most types of armour.
You are amphibious.
You can wear up to eight rings at the same time.
Your skin changes colour to match your surroundings (Stealth+).
Your rubbery body absorbs attacks. (AC +1, EV +1)
((You are camouflaged when in or above water. (Stealth+)))
You have tentacles for arms and can constrict up to eight enemies at once.


Message History

The arrow hits the orc.
You kill the orc!
The orc attacks as it pursues you! The orc completely misses you.
The orc throws a boomerang.
The boomerang completely misses you.
You shoot an arrow. The arrow barely misses the orc. x2
The orc closely misses you.
You shoot an arrow. The arrow hits the orc.
You kill the orc!
Fire: a) +0 shortbow
Press: ? - help, Q - select action, (/) - cycle Shift-Dir - straight line, f - orc
Aim: an orc, wielding a +0 trident (63% to hit)
You shoot an arrow. The arrow hits the orc.
The orc is heavily wounded.
The orc hits you from afar with a +0 trident.
The orc throws a boomerang.
The boomerang hits you.
Fire: a) +0 shortbow
Press: ? - help, Q - select action, (/) - cycle Shift-Dir - straight line, f/p - orc
Aim: an orc, wielding a +0 trident (heavily wounded, 63% to hit)
You shoot an arrow. The arrow hits the orc!
You kill the orc!
You shoot an arrow. The arrow barely misses the orc.
The orc hits you with a +0 war axe.
You shoot an arrow. The arrow hits the orc.
The orc is severely wounded.
The orc misses you. The orc closely misses you.
You shoot an arrow. The arrow closely misses the orc.
The arrow barely misses the orc.
The orc hits you with a +0 war axe.
* * * LOW HITPOINT WARNING * * *
You shoot an arrow. The arrow hits the orc!
You kill the orc!
You shoot an arrow.
The arrow hits the orc but does no damage.
The orc closely misses you.
You shoot an arrow. The arrow hits the orc.
The orc is almost dead.
The orc hits you with a +0 mace.
* * * LOW HITPOINT WARNING * * *
You shoot an arrow. The arrow barely misses the orc.
The orc hits you with a +0 mace.
You die...

##### #....
#####..###
#..o@....#
#.)#####.##
#..#(..#.... #
##.#####..## #.#
.###.##..)∩....#
#.#
........#####....
#.#
####.##.#(..#..##
#.# # #.#####.##
#.# ##.......#


You could see 2 dancing weapons and an orc.

Vanquished Creatures
  2 adders (D:2)
  A dart slug (D:1)
  4 orcs (D:3)
  6 endoplasms
  3 giant cockroaches
  5 goblins
  5 hobgoblins
  2 quokkas
  5 ball pythons
  3 bats
  3 frilled lizards
  5 kobolds
  6 rats
50 creatures vanquished.

Notes
Turn   | Place    | Note
-------+----------+-------------------------------------------
     0 | D:1      | Azuregosa the Octopode Hunter began the quest for the Orb.
     0 | D:1      | Reached XP level 1. HP: 14/14 MP: 1/1
   160 | D:1      | Reached XP level 2. HP: 17/19 MP: 2/2
   513 | D:1      | Reached XP level 3. HP: 24/24 MP: 3/3
   818 | D:2      | Found a faded altar of an unknown god.
   874 | D:2      | Prayed at the altar of an unknown god.
   874 | D:2      | Became a worshipper of Elyvilon the Healer
   874 | D:2      | Reached * piety under Elyvilon
   900 | D:2      | Reached skill level 5 in Ranged Weapons
  1160 | D:2      | Reached XP level 4. HP: 25/29 MP: 4/4
  1252 | D:2      | Reached ** piety under Elyvilon
  1511 | D:3      | Noticed a +0 quick blade
  1514 | D:3      | Found Ceizep's Weapon Boutique.
  1516 | D:3      | Noticed a +0 executioner's axe
  1541 | D:3      | HP: 1/29 [orc/+0 mace (5)]
  1542 | D:3      | Slain by an orc

Illustrated notes

Levels and vault maps discovered:
D:1:      dpeg_arrival_tiny_a, layout_basic, minmay_misc_feat_encased
D:2:      layout_basic, shapermc_ecumenical_altar_notcrosses
D:3:      layout_loops_corners, serial_shops, nicolae_shop_mannequins,
          nicolae_shop_peninsula, nicolae_shop_statue_plus,
          uniq_crazy_yiuf_cottage

Skill      XL: |  1  2  3 |
---------------+----------+-----
Ranged Weapons | 5 |  5.7
Fighting       | |  2.0
Dodging        | |  2.0
Stealth        | |  1.3

Action                     |  1- 3 |  4- 6 || total
---------------------------+-------+-------++-------
   Fire: Shortbow          |   120 |    25 ||   145
 Armour: Skin              |    12 |    11 ||    23
  Dodge: Dodged            |    29 |    13 ||    42

Table legend: (Time is in decaauts)
 A = Elapsed time spent in this place.
 B = Non-inter-level travel time spent in this place.
 C = Inter-level travel time spent in this place.
 D = Time resting spent in this place.
 E = Time spent auto-exploring this place.
 F = Levels seen in this place.
 G = Mean time per level.
                   A        B        C        D        E       F      G
               +--------+--------+--------+--------+--------+-----+--------+
         Total |   1563 |   1505 |     58 |      0 |   1159 |   3 |  521.0 |
       Dungeon |   1563 |   1505 |     58 |      0 |   1159 |   3 |  521.0 |
               +--------+--------+--------+--------+--------+-----+--------+

Top non-repeatable levels by time:
     D:2: 724 daAuts
     D:1: 715 daAuts
     D:3: 123 daAuts
